 Dungeon Crawl Stone Soup version 0.20-a0-1078-g4874019 (webtiles) character file.

193 volk64 the Slasher (level 5, -2/46 HPs)
             Began as a Draconian Monk on Apr 29, 2017.
             Was a Believer of Vehumet.
             Slain by a black bear (3 damage)
             ... on level 4 of the Dungeon on Apr 30, 2017.
             The game lasted 00:06:32 (1835 turns).

volk64 the Slasher (Draconian Monk)                 Turns: 1835, Time: 00:06:33

Health: -2/46      AC: 13    Str: 14    XL:     5   Next: 43%
Magic:  0/5        EV: 13    Int: 10    God:    Vehumet [**....]
Gold:   55         SH:  0    Dex: 14    Spells: 1/4 levels left

rFire    . . .     SeeInvis .   u - +0 mace (protect)
rCold    . . .     Gourm    .   (no shield)
rNeg     . . .     Faith    .   (armour unavailable)
rPois    .         Spirit   .   (helmet restricted)
rElec    .         Reflect  .   (no cloak)
rCorr    .         Harm     .   (no gloves)
MR       .....                  e - +0 pair of boots
Stlth    ++........             (no amulet)
Regen    0.2/turn               (no ring)
MPRegen  0.1/turn               (no ring)

@: protection aura, very slightly contaminated
A: unfitting armour, cold-blooded, AC +5
a: Renounce Religion


You were on level 4 of the Dungeon.
You worshipped Vehumet.
Vehumet was pleased with you.
You were hungry.

You visited 1 branch of the dungeon, and saw 4 of its levels.

You collected 55 gold pieces.

Inventory:

Hand Weapons
 a - a +0 falchion
 k - a +0 short sword of freezing
 u - a +0 mace of protection (weapon)
Armour
 e - a +0 pair of boots (worn)
Jewellery
 i - a +4 amulet of reflection {unknown}
 m - a +3 ring of strength {unknown}
Wands
 s - a wand of paralysis (12/24)
Scrolls
 d - a scroll of remove curse {unknown}
 j - a scroll of noise {unknown}
 n - 2 scrolls of identify {unknown}
 q - 2 scrolls of teleportation {unknown}
 r - a scroll of recharging {unknown}
 t - a scroll of fog {unknown}
Potions
 c - a potion of might {unknown}
 g - a potion of degeneration {unknown}
 h - a potion of curing {unknown}
 l - 2 potions of heal wounds {unknown}
Comestibles
 b - 3 bread rations
 f - a chunk of flesh
 o - 5 meat rations
 p - a royal jelly
 v - 3 fruits


   Skills:
 + Level 4.1 Fighting
 + Level 4.6 Long Blades
 + Level 3.3 Dodging
 + Level 2.6 Stealth
 + Level 0.3 Spellcasting
 + Level 0.2 Conjurations
 + Level 0.6 Ice Magic


You had one spell level left.
You knew the following spells:

 Your Spells              Type           Power        Failure   Level  Hunger
a - Sandblast             Erth           #.....       36%         1    ##.....
b - Throw Frost           Conj/Ice       #.....       43%         2    ###....


Dungeon Overview and Level Annotations

Branches:
Dungeon (4/15)
 Temple: D:4-7

Altars:
Vehumet

Annotations:
D:3 Robin


Innate Abilities, Weirdness & Mutations

Your plain brown scales are hard. (AC +5)
You cannot fit into any form of body armour.
You are cold-blooded and may be slowed by cold attacks.


Message History

The black bear is severely wounded.
The black bear barely misses you. The black bear closely misses you.
The black bear claws you but does no damage.
The black bear bites you.
The black bear claws you but does no damage.
The black bear misses you. The black bear closely misses you.
The black bear completely misses you.
The black bear claws you but does no damage.
You hit the black bear.
The black bear is severely wounded.
The black bear bites you but does no damage.
The black bear misses you.
The black bear claws you but does no damage.
The black bear closely misses you. The black bear barely misses you. x2
You barely miss the black bear.
The black bear is severely wounded.
The black bear bites you!
* * * LOW HITPOINT WARNING * * *
The black bear closely misses you. The black bear claws you.
You die...

####
##.%##
#...%#
....
#...
..#
#h#
##@#
#..#
#..#
##.##
#..#
##.##
##.##
#.##
#.#


You could see a black bear (berserk).

Vanquished Creatures
  A scorpion (D:4)
  A hound (D:4)
  3 adders
  3 oozes
  3 dart slugs
  5 leopard geckos
  2 orcs
  A ball python (D:2)
  4 giant cockroaches
  8 goblins
  8 hobgoblins
  5 jackals (D:1)
  A quokka (D:2)
  5 bats
  3 kobolds (D:1)
  4 rats
57 creatures vanquished.

Notes
Turn   | Place    | Note
-------+----------+-------------------------------------------
     0 | D:1      | volk64 the Draconian Monk began the quest for the Orb.
     0 | D:1      | Reached XP level 1. HP: 19/19 MP: 1/1
   323 | D:1      | Reached XP level 2. HP: 26/26 MP: 2/2
   385 | D:1      | Reached XP level 3. HP: 29/31 MP: 3/3
   960 | D:2      | Reached XP level 4. HP: 40/40 MP: 4/4
  1142 | D:2      | Upgraded the game from 0.20-a0-1074-g6a0a8e1 to 0.20-a0-1078-g4874019
  1257 | D:2      | Found a radiant altar of Vehumet.
  1265 | D:2      | Became a worshipper of Vehumet
  1265 | D:2      | Reached * piety under Vehumet
  1265 | D:2      | Offered knowledge of Sandblast by Vehumet.
  1265 | D:2      | Reached ** piety under Vehumet
  1268 | D:2      | Learned a level 1 spell: Sandblast
  1368 | D:2      | Offered knowledge of Throw Frost by Vehumet.
  1372 | D:2      | Learned a level 2 spell: Throw Frost
  1623 | D:3      | Noticed Robin
  1678 | D:4      | Reached XP level 5. HP: 40/46 MP: 3/5
  1818 | D:4      | Noticed a black bear
  1835 | D:4      | HP: 1/46 [black bear (13)]
  1835 | D:4      | Slain by a black bear

Vault maps used:
D:1:      mushboom_english_gardens
D:2:      vehumet_crystals, first_bread
D:3:      uniq_terence, uniq_jessica, uniq_robin
D:4:      black_bear_nest_1, lemuel_doored_altar, kennysheep_generic_room_16

Skill      XL: |  1  2  3  4 |
---------------+-------------+-----
Dodging        | 3 |  3.3
Long Blades    | 4 |  4.6
Fighting       | 4 |  4.1
Stealth        | 2 |  2.6
Spellcasting   | |  0.3
Conjurations   | |  0.2
Ice Magic      | |  0.6

Action                   |  1- 3 |  4- 6 || total
-------------------------+-------+-------++-------
Melee: Falchion          |    96 |    64 ||   160
       Tailslap          |    15 |    14 ||    29
       Mace              |       |    10 ||    10
 Cast: Throw Frost       |       |     9 ||     9
 Stab: Sleeping          |     2 |     3 ||     5
  Eat: Chunk             |       |     4 ||     4
Armor: Skin              |    32 |    34 ||    66
Dodge: Dodged            |    74 |    65 ||   139
       Rpst.: Falchion   |    30 |    12 ||    42
